 Dungeon Crawl Stone Soup version 0.24-a0-250-g6074511092 (webtiles) character file.

Game seed: 651016271523997808

891 Redear the Ruffian (level 7, 0/71 HPs)
             Began as a Troll Berserker on Apr 15, 2019.
             Was a Believer of Trog.
             Slain by an orc warrior
             ... wielding a +0 long sword
              (11 damage)
             ... on level 6 of the Dungeon.
             The game lasted 00:11:05 (1250 turns).

Redear the Ruffian (Troll Berserker)                Turns: 1250, Time: 00:11:06

Health: 0/71       AC:  7    Str: 26    XL:     7   Next: 78%
Magic:  6/6        EV: 11    Int:  8    God:    Trog [**....]
Gold:   194        SH:  0    Dex: 11    Spells: 6/6 levels left

rFire    . . .     SeeInvis .     - Unarmed
rCold    . . .     Gourm    +   (no shield)
rNeg     . . .     Faith    .   a - +0 animal skin
rPois    .         Spirit   .   (helmet restricted)
rElec    .         Reflect  .   o - +0 cloak
rCorr    .         Harm     .   (gloves unavailable)
MR       .....                  (boots unavailable)
Stlth    +.........             (no amulet)
HPRegen  0.61/turn              (no ring)
MPRegen  0.10/turn              (no ring)

@: brilliant
A: large, unfitting armour, claws 3, fast metabolism 3, gourmand, regeneration
1, shaggy fur 1, tough skin 3
a: Berserk, Trog's Hand, Renounce Religion


You were on level 6 of the Dungeon.
You worshipped Trog.
Trog was pleased with you.
You were not hungry.

You visited 1 branch of the dungeon, and saw 6 of its levels.

You collected 194 gold pieces.

Inventory:

Missiles
 b - 44 stones (quivered)
Armour
 a - a +0 animal skin (worn)
 n - a +0 large shield
 o - a +0 cloak (worn)
Scrolls
 f - a scroll of blinking {unknown}
 g - a scroll of teleportation {unknown}
 j - a scroll of identify {unknown}
 l - a scroll of random uselessness {unknown}
 m - a scroll of amnesia {unknown}
 p - 3 scrolls of magic mapping {unknown}
 N - 3 scrolls of remove curse
Potions
 c - 3 potions of might {unknown}
 d - a potion of berserk rage {unknown}
 h - 3 potions of brilliance {Archmagi Int+5 Wiz++}
 i - 2 potions of haste {unknown}
 k - a potion of ambrosia {unknown}
Comestibles
 z - 5 rations


   Skills:
 + Level 4.6 Fighting
 + Level 4.6 Dodging
 + Level 2.5 Shields
 + Level 5.5 Unarmed Combat


You had 6 spell levels left.
You didn't know any spells.
Your spell library was empty.

Dungeon Overview and Level Annotations

Branches:
Dungeon (6/15)
 Temple: D:4-7

Altars:
Fedhas
Qazlal
Sif Muna
Uskayaw
Vehumet
Zin

Shops:
D:4 !   D:5 *


Innate Abilities, Weirdness & Mutations

You are too large for most types of armour.
You have claws for hands.
Your metabolism is lightning-fast.
You like to eat raw meat.
Your natural rate of healing is unusually fast.
You are covered in fur. (AC +1)
You have extremely tough skin. (AC +3)


Message History

Okay, then.
You eat one of the 6 rations.
That ration really hit the spot!
You hear some strange, mumbled words.
Something tries to affect you, but you resist.
The orc warrior barely misses you.
You closely miss the orc warrior.
The orc warrior is heavily wounded.
Something hits you.
The orc warrior hits you with a +0 long sword!
* * * LOW HITPOINT WARNING * * *
You take 13 damage, and have 11/71 hp.
Okay, then.
It was a potion of brilliance.
You feel clever all of a sudden. Something hits you.
* * * LOW HITPOINT WARNING * * *
The orc warrior closely misses you.
You take 1 damage, and have 10/71 hp.
The orc warrior hits you with a +0 long sword!
You die...

#............##.#####...
#.
#............##.........
#.
###+#........##.........
#. #........##.......#
## ####+######.......#
#.......# #.......#
#.......# #@o.....#
#[#..#### #+# #)#..# #
####.# #.#..# #
.....####.#..# #
####.........# #
#.........#.## #
#....######.# # #....# #


You could see an orc warrior.

Vanquished Creatures
  An orc warrior (D:6)
  A sky beast (D:5)
  An ogre (D:3)
  2 scorpions
  5 wights (D:6)
  A crimson imp (D:5)
  A jelly (D:6)
  An orc priest (D:6)
  A hound (D:5)
  3 worker ants
  2 hound skeletons
  A worker ant zombie (D:6)
  5 adders
  A shadow imp (D:6)
  An adder skeleton (D:4)
  A dart slug (D:2)
  7 orcs
  2 bats (D:2)
  3 hobgoblins
  2 quokkas
  5 frilled lizards
  2 goblins
  2 kobolds
  A rat (D:2)
52 creatures vanquished.

Notes
Turn   | Place    | Note
-------+----------+-------------------------------------------
     0 | D:1      | Redear the Troll Berserker began the quest for the Orb.
     0 | D:1      | Reached XP level 1. HP: 22/22 MP: 0/0
   199 | D:2      | Reached XP level 2. HP: 25/29 MP: 1/1
   306 | D:3      | Noticed an ogre
   330 | D:3      | Noticed a scorpion
   333 | D:3      | Killed an ogre
   333 | D:3      | Reached skill level 3 in Fighting
   333 | D:3      | Reached skill level 3 in Dodging
   333 | D:3      | Reached XP level 3. HP: 37/37 MP: 2/2
   333 | D:3      | Reached XP level 4. HP: 45/45 MP: 3/3
   342 | D:3      | Reached skill level 4 in Unarmed Combat
   342 | D:3      | Reached XP level 5. HP: 48/53 MP: 4/4
   581 | D:4      | Found Meudeliy's Distillery.
   762 | D:4      | Reached ** piety under Trog
   783 | D:5      | Entered Level 5 of the Dungeon
   783 | D:5      | Found Lebatovo's Elemental Accessories.
   850 | D:5      | Reached XP level 6. HP: 62/62 MP: 5/5
   852 | D:5      | Reached skill level 1 in Shields
   893 | D:5      | Noticed a sky beast
   905 | D:5      | Killed a sky beast
   905 | D:5      | Reached skill level 4 in Fighting
   941 | D:6      | Reached skill level 4 in Dodging
  1005 | D:6      | Found a blossoming altar of Fedhas.
  1005 | D:6      | Noticed an orc warrior
  1006 | D:6      | Found a radiant altar of Vehumet.
  1016 | D:6      | Reached skill level 5 in Unarmed Combat
  1016 | D:6      | Reached XP level 7. HP: 48/70 MP: 6/6
  1026 | D:6      | Reached skill level 2 in Shields
  1043 | D:6      | Found a stormy altar of Qazlal.
  1045 | D:6      | Found a hide-covered altar of Uskayaw.
  1045 | D:6      | Found a glowing silver altar of Zin.
  1192 | D:5      | Found a deep blue altar of Sif Muna.
  1250 | D:6      | Slain by an orc warrior

Levels and vault maps discovered:
D:1:      dpeg_arrival_simpleton_b, layout_loops_corners,
          minmay_misc_feat_pillars, nrook_mini_vaults
D:2:      layout_basic, hangedman_decor_opposing, uniq_sigmund
D:3:      layout_basic, nicolae_ru_awakened_eye,
          chequers_ecumenical_altar_grove, minmay_fractal_squares_gapless_5
D:4:      layout_loops_ring, serial_shops,
          nicolae_shop_competitors_out_of_business
D:5:      layout_layer_cave, lemuel_crystal_altar,
          lemuel_zombie_altar_yredelemnul, first_ration, nicolae_elemental_shop
D:6:      layout_basic, grunt_temple_overflow_open, nicolae_ossuary_entry_plus,
          portal_sewer_entry_f

Skill      XL: |  1  2  3  4  5  6  7 |
---------------+----------------------+-----
Fighting       | 3 4 |  4.6
Dodging        | 3 4 |  4.6
Unarmed Combat | 4 5 |  5.5
Shields        | 1 2 |  2.5

Action                   |  1- 3 |  4- 6 |  7- 9 || total
-------------------------+-------+-------+-------++-------
Melee: Unarmed           |    38 |    82 |    38 ||   158
       Punch             |     1 |     1 |     1 ||     3
Invok: Berserk           |     1 |       |     1 ||     2
       Trog's Hand       |       |       |     1 ||     1
  Use: Scroll            |       |     1 |       ||     1
       Potion            |       |       |     1 ||     1
  Eat: Chunk             |       |     7 |     2 ||     9
       Ration            |       |       |     1 ||     1
Armor: Animal skin       |    19 |    32 |     7 ||    58
Dodge: Dodged            |    15 |    27 |     9 ||    51

Table legend:
 A = Non-vault XP
 B = Vault XP
 C = Vault XP percentage of total XP
 D = Non-vault monster count
 E = Vault monster count
 F = Vault count percentage of total count
                 A         B        C        D         E       F
            +---------+---------+-------+---------+---------+-------
      Total |    1192 |      82 |   6.4 |      48 |       4 |   7.7
            +---------+---------+-------+---------+---------+-------
        D:1 |       5 |       0 |   0.0 |       3 |       0 |   0.0
        D:2 |      31 |       0 |   0.0 |      12 |       0 |   0.0
        D:3 |     132 |      82 |  38.3 |       3 |       4 |  57.1
        D:4 |      66 |       0 |   0.0 |       7 |       0 |   0.0
        D:5 |     265 |       0 |   0.0 |       5 |       0 |   0.0
        D:6 |     693 |       0 |   0.0 |      18 |       0 |   0.0
            +---------+---------+-------+---------+---------+-------
